 Dungeon Crawl Stone Soup version 0.31-a0-237-g2d982f9f85 (webtiles) character file.

Game seed: 14060421657245774891

11664 qw the Marksminotaur (level 11, -5/99 HPs)
             Began as a Minotaur Hexslinger on July 11, 2023.
             Was an Elder of Okawaru.
             Engulfed by an ice statue's freezing vapour (12 damage)
             ... in a Gauntlet.
             The game lasted 00:04:16 (9414 turns).

qw the Marksminotaur (Minotaur Hexslinger)          Turns: 9414, Time: 00:04:17

Health: -5/99      AC: 12    Str: 17    XL:     11   Next: 52%
Magic:  13/14      EV: 21    Int:  7    God:    Okawaru [****..]
Gold:   438        SH:  0    Dex: 18    Spells: 11/12 levels left

rFire   . . .        Y - +5 orcbow (elec)
rCold   . . .        (shield currently unavailable)
rNeg    . . .        j - +1 ring mail {rPois}
rPois   +            h - +1 hat
rElec   .            (no cloak)
rCorr   .            b - +0 pair of gloves
SInv    .            d - +2 pair of slick slippers {slick, slippery, EV+4}
Will    .....        q - amulet of faith
Stlth   ++           l - ring "Neniss" {Fly Str+5 Int-3}
HPRegen 0.36/turn    (no ring)
MPRegen 0.14/turn

%: no teleportation, faith
@: heroic, flying
A: horns 2, retaliatory headbutt
a: Renounce Religion, Heroism, Finesse


You were in a Gauntlet.
You worshipped Okawaru.
Okawaru was greatly pleased with you.
You visited 2 branches of the dungeon, and saw 12 of its levels.
You also visited: Gauntlet.

You collected 638 gold pieces.
You spent 200 gold pieces at shops.


Innate Abilities, Weirdness & Mutations

You have a pair of horns on your head.
You reflexively headbutt those who attack you in melee.


   Skills:
 - Level 10.0(15.0) Fighting
 - Level 15.0(20.0) Ranged Weapons
 - Level 4.8(9.8) Armour
 + Level 6.3(11.3) Dodging
 - Level 1.0 Spellcasting
 - Level 2.0 Hexes
 + Level 5.9 Invocations


You had 11 spell levels left.
You knew the following spells:

 Your Spells              Type           Power      Damage    Failure   Level
a - Slow                  Hex            12%        N/A       30%         1

Your spell library contained the following spells:

 Spells                   Type           Power      Damage    Failure   Level
 Inner Flame              Hex/Fire       1%         N/A       80%         3
 Portal Projectile        Hex/Tloc       2%         N/A       80%         3
 Cause Fear               Hex            1%         N/A       96%         4

Inventory:

Hand Weapons
 Y - a +5 orcbow of electrocution (weapon)
Armour
 b - a +0 pair of gloves (worn)
 d - the +2 pair of slick slippers (worn) {slick, slippery, EV+4}
   (You acquired it on level 1 of the Dungeon)

   Slick:     Its wearer cannot be constricted, engulfed, netted or webbed.
   Slippery:  Its wearer slips away from damaging melee attacks, pulling the
   attacker onward.
   EV:        It affects your evasion (+4).
 h - a +1 hat (worn)
 i - a +2 leather armour of positive energy
 j - a +1 ring mail of poison resistance (worn)
 m - a +2 robe of fire resistance
Jewellery
 e - an amulet of reflection
 l - the ring "Neniss" (left hand) {Fly Str+5 Int-3}
   (You acquired it on level 3 of the Dungeon)

   [ring of flight]

   Str:       It affects your strength (+5).
   Int:       It affects your intelligence (-3).
   Fly:       It grants you flight.
 q - an amulet of faith (around neck)
Scrolls
 a - a scroll of identify
 o - 2 scrolls of teleportation
Potions
 c - a potion of might
 f - 4 potions of curing
 g - a potion of cancellation
 k - a potion of mutation
 p - 3 potions of haste
 r - a potion of berserk rage {unknown}

Dungeon Overview and Level Annotations

Branches:
Dungeon (11/15)            Temple (1/1) D:7            Lair (0/5) D:10
Gauntlet (1/1)
    Orc: D:9-12

Altars:
Ashenzari
Cheibriados
Dithmenos
Elyvilon
Fedhas
Gozag
Hepliaklqana
Kikubaaqudgha
Nemelex Xobeh
Okawaru
Qazlal
Ru
Sif Muna
Trog
Vehumet
Wu Jian
Xom
Yredelemnul
Zin
The Shining One

Shops:
D:5 [*   D:7 ?

Annotations:
Gauntlet 11 transporters


Message History

The rime drake bites you but does no damage.
You shoot an arrow. The arrow hits the rime drake!!
You kill the rime drake!
Okawaru accepts your kill.
The rime drake bites you but does no damage.
You shoot an arrow. The arrow barely misses the rime drake.
The ice statue gestures at you. The bolt of cold hits you!!
The rime drake breathes ice at you. The icy flash freeze hits you!
You are encased in ice.
You shoot an arrow. The arrow barely misses the rime drake.
The rime drake misses you.
You shoot an arrow. The arrow hits the rime drake!
Lightning courses through the rime drake!
The rime drake is severely wounded.
The ice statue gestures at you. The bolt of cold hits you!
You shoot an arrow. The arrow hits the rime drake!!
You kill the rime drake!
Okawaru accepts your kill.
You shoot an arrow. The arrow hits the ice statue!
The ice statue is lightly damaged.
The ice statue gestures at you.
The freezing blast engulfs you but does no damage.
You shoot an arrow.
The arrow hits the ice statue but does no damage.
The ice statue is lightly damaged.
You are engulfed in freezing vapours.
The ice encasing you melts away.
You shoot an arrow. The arrow hits the ice statue!
The ice statue is moderately damaged.
You are engulfed in freezing vapours.
You shoot an arrow. The arrow hits the ice statue!
The ice statue is moderately damaged.
You are engulfed in freezing vapours.
You shoot an arrow. The arrow hits the ice statue!
The ice statue is heavily damaged.
You are engulfed in freezing vapours.
You die...

##.#########.#########.
##~....#^.........^#....
#~~..}.#.}.}.}.}.}.#.}..
##~....#^.........^#....
##.###################.
##~.#.?#^#..#.#..|^.[Z#.
#~~.#.=#0#..#.#....#.Z#.
##~.###000.8#.#...###.#.
##.#00@0#..#.#..#^#..#.
##~.#.##0#..#.#Z###...#.
#~~.#.##0#..#.#Z.#....#.
##~.#...^#..#.#ZZ.....#.
##.#########.#########.
##~.....^.........^.....
#~~~#~~~#..\.}.\..#~~~#~
##~###~###.......###~###
### ### ##~~~~~## ### #


You could see an ice statue.

Vanquished Creatures
  A hydra (D:9)
  2 centaur warriors (D:9)
  Nergalle (D:10)
  A manticore (D:9)
  An ugly thing (D:9)
  A yaktaur (D:9)
  2 rime drakes (Gauntlet)
  A troll (D:10)
  Prince Ribbit (D:7)
  A slime creature (D:9)
  A wraith (D:9)
  2 shadows
  A wyvern (D:10)
  7 yaks
  A basilisk (D:9)
  A steam dragon (D:8)
  Eustachio (D:6)
  Edmund (D:6)
  An acid dragon (D:9)
  A vampire mosquito (D:9)
  3 water moccasins
  4 orc warriors
  2 black bears
  An ice beast (D:6)
  6 centaurs
  2 ogres
  A phantom (D:5)
  2 kobold brigands (D:10)
  A gnoll sergeant (D:7)
  3 bullfrogs
  2 scorpions
  19 wights
  5 killer bees (D:9)
  2 howler monkeys (D:6)
  A quasit (D:7)
  4 hounds
  A jelly (D:6)
  2 gnoll boudas (D:5)
  4 orc priests
  4 iguanas
  A sleepcap (D:5)
  14 orc wizards
  23 gnolls
  13 adders
  4 shadow imps (D:7)
  7 white imps
  2 worms
  5 dart slugs
  29 orcs
  5 ball pythons
  2 bats
  5 endoplasms
  3 giant cockroaches
  7 goblins
  5 hobgoblins
  4 jackals
  5 quokkas
  4 frilled lizards
  12 kobolds
  6 rats
254 creatures vanquished.

Notes
Turn   | Place    | Note
-------+----------+-------------------------------------------
     0 | D:1      | qw the Minotaur Hexslinger began the quest for the Orb.
     0 | D:1      | Reached XP level 1. HP: 16/16 MP: 1/1
     0 | D:1      | 0 ||| qw: Version: 0.3-a-52-g30416fa
     0 | D:1      | 0 ||| qw: Game counter: 5441
     0 | D:1      | 0 ||| qw: Melee chars always use a shield: true
     0 | D:1      | 0 ||| qw: God list: Okawaru
     0 | D:1      | 0 ||| qw: Allow faded altars: false
     0 | D:1      | 0 ||| qw: Do Orc after clearing Dungeon:15 true
     0 | D:1      | 0 ||| qw: Do second Lair branch before Depths: true
     0 | D:1      | 0 ||| qw: Lair rune preference: random
     0 | D:1      | 0 ||| qw: Goals: Normal
     0 | D:1      | 0 ||| PLANNING D:1-11
    28 | D:1      | Found a faded altar of an unknown god.
   203 | D:1      | Reached skill level 3 in Ranged Weapons
   208 | D:1      | Reached XP level 2. HP: 16/23 MP: 2/2
   664 | D:1      | 664 ||| READING 2 scrolls labelled IMARUF KEUCS.
   665 | D:1      | 665 ||| READING scroll labelled ZIHEMOLAOD.
   666 | D:1      | 666 ||| READING scroll labelled WEKAUSM OMIETRO.
   666 | D:1      | Identified a scroll of acquirement
   666 | D:1      | 666 ||| ACQUIRING +2 pair of slick slippers {slick,
                  | slippery, EV+4}
   666 | D:1      | Acquired the +2 pair of slick slippers {slick, slippery,
                  | EV+4}
   666 | D:1      | Found the +2 pair of slick slippers {slick, slippery, EV+4}
   668 | D:1      | 668 ||| UPGRADING to +2 pair of slick slippers {slick,
                  | slippery, EV+4}.
   673 | D:1      | 673 ||| READING scroll labelled UWINOU UMPUGORGH.
   774 | D:1      | 774 ||| DROPPING scroll of blinking.
   775 | D:1      | 775 ||| DROPPING scroll of poison.
   891 | D:2      | 891 ||| Stepping ~*~*~tactically~*~*~ (water).
   923 | D:2      | Reached XP level 3. HP: 27/29 MP: 3/3
   981 | D:2      | Reached skill level 4 in Ranged Weapons
  1211 | D:2      | Reached XP level 4. HP: 36/36 MP: 4/4
  1455 | D:2      | 1455 ||| UPGRADING to +0 pair of gloves.
  1460 | D:2      | 1460 ||| UPGRADING to +1 hat.
  1465 | D:2      | 1465 ||| READING 2 scrolls labelled LUQUSTR KICOSI.
  1466 | D:2      | 1466 ||| READING scroll labelled CUPAUH NAESAI.
  1467 | D:2      | 1467 ||| DROPPING scroll of immolation.
  1504 | D:3      | Reached skill level 5 in Ranged Weapons
  1508 | D:3      | HP: 9/37 [gnoll/+0 halberd (2)]
  1636 | D:3      | Reached skill level 3 in Fighting
  1636 | D:3      | Reached XP level 5. HP: 26/45 MP: 5/5
  1942 | D:3      | 1942 ||| READING scroll of enchant weapon.
  1942 | D:3      | 1942 ||| ENCHANTING +2 sling.
  1970 | D:3      | Identified the +5 kite shield "Dushin" {rPois rF++}
  1983 | D:3      | Reached skill level 6 in Ranged Weapons
  1983 | D:3      | 1983 ||| FLEEEEING.
  1984 | D:3      | 1984 ||| FLEEEEING.
  1985 | D:3      | 1985 ||| FLEEEEING.
  1986 | D:3      | 1986 ||| FLEEEEING.
  1987 | D:3      | 1987 ||| FLEEEEING.
  1988 | D:3      | 1988 ||| FLEEEEING.
  1989 | D:3      | 1989 ||| FLEEEEING.
  1990 | D:3      | 1990 ||| FLEEEEING.
  1991 | D:3      | 1991 ||| FLEEEEING.
  1992 | D:3      | 1992 ||| FLEEEEING.
  1993 | D:3      | 1993 ||| FLEEEEING.
  1994 | D:3      | 1994 ||| FLEEEEING.
  1995 | D:3      | 1995 ||| FLEEEEING.
  1996 | D:3      | 1996 ||| FLEEEEING.
  1997 | D:3      | 1997 ||| FLEEEEING.
  1998 | D:3      | 1998 ||| FLEEEEING.
  1999 | D:3      | 1999 ||| FLEEEEING.
  2000 | D:3      | 2000 ||| FLEEEEING.
  2076 | D:3      | 2076 ||| READING scroll of acquirement.
  2076 | D:3      | 2076 ||| ACQUIRING ring "Neniss" {Fly Str+5 Int-3}
  2076 | D:3      | Acquired the ring "Neniss" {Fly Str+5 Int-3}
  2210 | D:3      | Reached XP level 6. HP: 52/52 MP: 6/6
  2337 | D:3      | 2337 ||| UPGRADING to +2 leather armour of positive energy.
  2347 | D:3      | 2347 ||| DROPPING +0 robe.
  2348 | D:3      | 2348 ||| UPGRADING to ring "Neniss" {Fly Str+5 Int-3}.
  2349 | D:3      | 2349 ||| READING scroll labelled MANIEJOACICI.
  2350 | D:3      | 2350 ||| READING scroll labelled DINKEE UKHU.
  2351 | D:3      | 2351 ||| READING scroll labelled PUSHRI NAGO.
  2415 | D:4      | Reached skill level 1 in Armour
  3147 | D:4      | 3147 ||| READING 4 scrolls of identify.
  3147 | D:4      | 3147 ||| IDENTIFYING coppery potion
  3148 | D:4      | 3148 ||| READING 3 scrolls of identify.
  3148 | D:4      | 3148 ||| IDENTIFYING bubbling cyan potion
  3149 | D:4      | 3149 ||| READING 2 scrolls of identify.
  3149 | D:4      | 3149 ||| IDENTIFYING fizzy ruby potion
  3150 | D:4      | 3150 ||| DROPPING potion of degeneration.
  3167 | D:5      | Entered Level 5 of the Dungeon
  3242 | D:5      | Reached skill level 7 in Ranged Weapons
  3257 | D:5      | Found Lijeot Bogh's Armour Shop.
  3263 | D:5      | Found Fiplesm's General Store.
  3267 | D:5      | 3267 ||| SHOPLISTING +2 leather armour of cold resistance
                  | (228 gold, have 197).
  3271 | D:5      | 3271 ||| BUYING +1 ring mail of poison resistance (130
                  | gold).
  3271 | D:5      | Bought a +1 ring mail of poison resistance for 130 gold
                  | pieces
  3297 | D:5      | Reached XP level 7. HP: 23/58 MP: 7/7
  3298 | D:5      | HP: 12/58 [wight/+1 spear (5)]
  3299 | D:5      | 3299 ||| DRINKING potion of heal wounds.
  3301 | D:5      | Reached skill level 8 in Ranged Weapons
  3512 | D:5      | Reached skill level 3 in Dodging
  3514 | D:5      | 3514 ||| FLEEEEING.
  3515 | D:5      | 3515 ||| FLEEEEING.
  3516 | D:5      | 3516 ||| FLEEEEING.
  3517 | D:5      | 3517 ||| FLEEEEING.
  3518 | D:5      | 3518 ||| FLEEEEING.
  3519 | D:5      | 3519 ||| FLEEEEING.
  3520 | D:5      | 3520 ||| FLEEEEING.
  3521 | D:5      | 3521 ||| FLEEEEING.
  3522 | D:5      | 3522 ||| FLEEEEING.
  3523 | D:5      | 3523 ||| FLEEEEING.
  3524 | D:5      | 3524 ||| FLEEEEING.
  3525 | D:5      | 3525 ||| FLEEEEING.
  3526 | D:5      | 3526 ||| FLEEEEING.
  3527 | D:5      | 3527 ||| FLEEEEING.
  3528 | D:5      | 3528 ||| FLEEEEING.
  3529 | D:5      | 3529 ||| FLEEEEING.
  3530 | D:5      | 3530 ||| FLEEEEING.
  3531 | D:5      | 3531 ||| FLEEEEING.
  3532 | D:5      | 3532 ||| FLEEEEING.
  3533 | D:5      | 3533 ||| FLEEEEING.
  3534 | D:5      | 3534 ||| FLEEEEING.
  3696 | D:5      | Reached skill level 9 in Ranged Weapons
  3696 | D:5      | Reached XP level 8. HP: 68/68 MP: 8/8
  3763 | D:5      | 3763 ||| UPGRADING to +1 ring mail of poison resistance.
  4072 | D:5      | 4072 ||| SWAPPING to +0 shortbow.
  4073 | D:5      | 4073 ||| DROPPING +3 sling.
  4110 | D:5      | 4110 ||| DROPPING ring of flight.
  4111 | D:5      | 4111 ||| READING 2 scrolls of identify.
  4111 | D:5      | 4111 ||| IDENTIFYING inky potion
  4112 | D:5      | 4112 ||| DROPPING potion of brilliance.
  4139 | D:6      | Noticed Eustachio
  4151 | D:6      | Reached skill level 6 in Fighting
  4183 | D:6      | Killed Eustachio
  4271 | D:6      | 4271 ||| SWAPPING to +0 orcbow.
  4272 | D:6      | Noticed Edmund
  4289 | D:6      | Killed Edmund
  4290 | D:6      | Reached skill level 10 in Ranged Weapons
  4316 | D:6      | 4316 ||| FLEEEEING.
  4317 | D:6      | 4317 ||| FLEEEEING.
  4318 | D:6      | 4318 ||| FLEEEEING.
  4319 | D:6      | 4319 ||| FLEEEEING.
  4320 | D:6      | 4320 ||| FLEEEEING.
  4321 | D:6      | 4321 ||| FLEEEEING.
  4322 | D:6      | 4322 ||| FLEEEEING.
  4325 | D:6      | 4325 ||| FLEEEEING.
  4326 | D:6      | 4326 ||| FLEEEEING.
  4327 | D:6      | 4327 ||| FLEEEEING.
  4328 | D:6      | 4328 ||| FLEEEEING.
  4329 | D:6      | 4329 ||| FLEEEEING.
  4330 | D:6      | 4330 ||| FLEEEEING.
  4381 | D:6      | 4381 ||| DROPPING +0 shortbow.
  4401 | D:6      | 4401 ||| SWAPPING to +1 orcbow of electrocution.
  4402 | D:6      | 4402 ||| DROPPING +0 orcbow.
  4628 | D:6      | Reached XP level 9. HP: 79/79 MP: 9/9
  4665 | D:6      | Found a blossoming altar of Fedhas.
  4709 | D:6      | 4709 ||| READING scroll of enchant weapon.
  4709 | D:6      | 4709 ||| ENCHANTING +1 orcbow of electrocution.
  5029 | D:6      | 5029 ||| READING scroll labelled TIXKIUKH RUEXATI.
  5030 | D:6      | 5030 ||| READING 2 scrolls of identify.
  5030 | D:6      | 5030 ||| IDENTIFYING sedimented golden potion
  5083 | D:7      | Reached skill level 11 in Ranged Weapons
  5132 | D:7      | Reached skill level 3 in Armour
  5256 | D:7      | 5256 ||| Stepping ~*~*~tactically~*~*~ (outnumbered).
  5406 | D:7      | Found The Oracle's Delphic Readings.
  5410 | D:7      | 5410 ||| BUYING scroll of identify (28 gold).
  5410 | D:7      | Bought a scroll of identify for 28 gold pieces
  5410 | D:7      | 5410 ||| BUYING scroll of teleportation (42 gold).
  5410 | D:7      | Bought a scroll of teleportation for 42 gold pieces
  5682 | D:7      | Reached skill level 12 in Ranged Weapons
  5686 | D:7      | 5686 ||| Stepping ~*~*~tactically~*~*~ (outnumbered).
  5787 | D:7      | Found a staircase to the Ecumenical Temple.
  5787 | D:7      | Noticed Prince Ribbit
  5788 | D:7      | 5788 ||| PLANNING TEMPLE
  5796 | D:7      | Killed Prince Ribbit
  5826 | D:7      | 5826 ||| UPGRADING to amulet of reflection.
  5831 | D:7      | 5831 ||| DROPPING amulet of magic regeneration.
  5832 | D:7      | 5832 ||| READING scroll labelled FIJIWE UPTIOWI.
  5950 | D:7      | 5950 ||| READING 2 scrolls of identify.
  5950 | D:7      | 5950 ||| IDENTIFYING orange potion
  5959 | Temple   | Entered the Ecumenical Temple
  5960 | Temple   | 5960 ||| PLANNING OKAWARU WORSHIP
  6018 | Temple   | Became a worshipper of Warmaster Okawaru
  6019 | Temple   | 6019 ||| PLANNING D:1-11
  6311 | D:8      | Identified the +6 sling of Dull Subterfuge {flame, MP+9
                  | Dex+3}
  6499 | D:8      | Found an ancient bone altar of Kikubaaqudgha.
  6582 | D:8      | Reached * piety under Okawaru
  6587 | D:8      | 6587 ||| INVOKING Heroism.
  6591 | D:8      | Reached XP level 10. HP: 88/88 MP: 7/10
  6622 | D:8      | 6622 ||| READING 3 scrolls of enchant weapon.
  6622 | D:8      | 6622 ||| ENCHANTING +2 orcbow of electrocution.
  6623 | D:8      | 6623 ||| READING 2 scrolls of enchant weapon.
  6623 | D:8      | 6623 ||| ENCHANTING +3 orcbow of electrocution.
  6624 | D:8      | 6624 ||| READING scroll of enchant weapon.
  6624 | D:8      | 6624 ||| ENCHANTING +4 orcbow of electrocution.
  6657 | D:8      | 6657 ||| INVOKING Heroism.
  6658 | D:8      | 6658 ||| INVOKING Heroism.
  6666 | D:8      | Reached skill level 13 in Ranged Weapons
  6716 | D:8      | 6716 ||| Stepping ~*~*~tactically~*~*~ (cloud).
  6882 | D:8      | Reached skill level 1 in Invocations
  6967 | D:8      | 6967 ||| INVOKING Heroism.
  6984 | D:8      | Found a shimmering blue altar of Sif Muna.
  7114 | D:8      | 7114 ||| READING scroll labelled NETUIBUUSS.
  7115 | D:8      | 7115 ||| READING 2 scrolls of identify.
  7115 | D:8      | 7115 ||| IDENTIFYING fizzy golden potion
  7157 | D:9      | Reached skill level 9 in Fighting
  7236 | D:9      | 7236 ||| DRINKING 3 potions of curing.
  7236 | D:9      | 7236 ||| (to cure confusion)
  7239 | D:9      | 7239 ||| FLEEEEING.
  7240 | D:9      | 7240 ||| FLEEEEING.
  7241 | D:9      | 7241 ||| FLEEEEING.
  7242 | D:9      | 7242 ||| FLEEEEING.
  7243 | D:9      | 7243 ||| FLEEEEING.
  7244 | D:9      | 7244 ||| FLEEEEING.
  7245 | D:9      | 7245 ||| FLEEEEING.
  7247 | D:9      | 7247 ||| FLEEEEING.
  7248 | D:9      | 7248 ||| FLEEEEING.
  7249 | D:9      | 7249 ||| FLEEEEING.
  7250 | D:9      | 7250 ||| FLEEEEING.
  7251 | D:9      | 7251 ||| FLEEEEING.
  7252 | D:9      | 7252 ||| FLEEEEING.
  7253 | D:9      | 7253 ||| FLEEEEING.
  7254 | D:9      | 7254 ||| FLEEEEING.
  7255 | D:9      | 7255 ||| FLEEEEING.
  7256 | D:9      | 7256 ||| FLEEEEING.
  7257 | D:9      | 7257 ||| FLEEEEING.
  7258 | D:9      | 7258 ||| FLEEEEING.
  7259 | D:9      | 7259 ||| FLEEEEING.
  7260 | D:9      | 7260 ||| FLEEEEING.
  7261 | D:9      | 7261 ||| FLEEEEING.
  7262 | D:9      | 7262 ||| FLEEEEING.
  7263 | D:9      | 7263 ||| STAIRDANCE
  7455 | D:9      | 7455 ||| INVOKING Heroism.
  7671 | D:9      | Reached skill level 3 in Invocations
  7701 | D:9      | Found an ornate altar of the Wu Jian Council.
  7772 | D:9      | Found a shadowy altar of Dithmenos.
  7772 | D:9      | Found a basalt altar of Yredelemnul.
  7779 | D:9      | Reached skill level 6 in Dodging
  7862 | D:9      | 7862 ||| INVOKING Heroism.
  7863 | D:9      | 7863 ||| Stepping ~*~*~tactically~*~*~ (outnumbered).
  7994 | D:9      | Noticed a centaur warrior
  8000 | D:9      | Killed a centaur warrior
  8000 | D:9      | Reached ** piety under Okawaru
  8040 | D:9      | Noticed a manticore
  8041 | D:9      | 8041 ||| INVOKING Heroism.
  8044 | D:9      | Killed a manticore
  8060 | D:9      | Noticed a centaur warrior
  8063 | D:9      | Killed a centaur warrior
  8064 | D:9      | Reached skill level 14 in Ranged Weapons
  8150 | D:9      | Reached *** piety under Okawaru
  8153 | D:9      | Noticed an eight-headed hydra
  8155 | D:9      | 8155 ||| INVOKING Heroism.
  8160 | D:9      | Killed an eight-headed hydra
  8161 | D:9      | Reached XP level 11. HP: 64/97 MP: 10/13
  8309 | D:9      | Noticed a green ugly thing
  8318 | D:9      | Killed a green ugly thing
  8349 | D:9      | Reached **** piety under Okawaru
  8412 | D:9      | 8412 ||| UPGRADING to amulet of faith.
  8422 | D:9      | 8422 ||| READING scroll labelled ICSERU OSERID.
  8423 | D:9      | 8423 ||| DRINKING 2 sedimented inky potions.
  8448 | D:9      | 8448 ||| DROPPING potion of lignification.
  8465 | D:10     | Entered Level 10 of the Dungeon
  8553 | D:10     | 8553 ||| INVOKING Heroism.
  8672 | D:10     | Noticed Nergalle
  8673 | D:10     | 8673 ||| INVOKING Heroism.
  8682 | D:10     | Killed Nergalle
  8716 | D:10     | Found a snail-covered altar of Cheibriados.
  8873 | D:10     | Found a staircase to the Lair.
  8874 | D:10     | 8874 ||| Stepping ~*~*~tactically~*~*~ (outnumbered).
  9031 | D:10     | Reached skill level 15 in Ranged Weapons
  9189 | D:10     | 9189 ||| DROPPING +6 ring of intelligence.
  9248 | D:11     | 9248 ||| PLANNING GAUNTLET
  9253 | D:11     | Found a gate leading to a gauntlet.
  9260 | Gauntlet | Entered a Gauntlet
  9260 | Gauntlet | Found a transporter.
  9260 | Gauntlet | Found a transporter.
  9260 | Gauntlet | Found a runed translucent gate.
  9260 | Gauntlet | Found a runed translucent gate.
  9273 | Gauntlet | Found a transporter.
  9275 | Gauntlet | Found a transporter.
  9284 | Gauntlet | Found a transporter.
  9288 | Gauntlet | Found a transporter.
  9290 | Gauntlet | Noticed a death scarab
  9293 | Gauntlet | Noticed a death scarab
  9296 | Gauntlet | Found a transporter.
  9317 | Gauntlet | Found a transporter.
  9317 | Gauntlet | Noticed a six-headed hydra
  9334 | Gauntlet | Found a transporter.
  9339 | Gauntlet | Found a transporter.
  9346 | Gauntlet | Noticed a necromancer
  9347 | Gauntlet | Found a transporter.
  9351 | Gauntlet | Found a transporter.
  9353 | Gauntlet | Found a runed translucent gate.
  9402 | Gauntlet | 9402 ||| INVOKING Heroism.
  9413 | Gauntlet | HP: 6/99 [ice statue] (19)]
  9414 | Gauntlet | Engulfed by an ice statue's freezing vapour

Levels and vault maps discovered:
D:1:      scummos_arrival_hexagon, layout_loops_ring,
          shapermc_ecumenical_altar_venn
D:2:      cheibrodos_helix_gallery, layout_basic, minivault_26,
          minmay_shallow_snake_nest
D:3:      layout_rooms, minmay_fractal_squares_diagonal_5,
          uniq_crazy_yiuf_cottage
D:4:      layout_basic, chequers_serial_rivers_small_3
D:5:      layout_rooms, minivault_23, nicolae_wooded_promenade,
          hangedman_glass_teeth
D:6:      layout_loops_ring, lemuel_round_altar, minmay_misc_feat_cross,
          uniq_eustachio, uniq_edmund
D:7:      layout_basic, minmay_temple_entry_trees, serial_demonic,
          serial_demonic_b, serial_demonic_f, serial_demonic_d,
          serial_demonic_c, nicolae_nh_oracle_at_delphi, uniq_prince_ribbit1
D:8:      layout_gridville, mainiacjoe_overflow_catwalk,
          mainiacjoe_overflow_boulevard
D:9:      layout_irregular_city, chequers_temple_overflow_statue_of_worship,
          nzn_wu_jian_council_hall, minmay_evil_grid
D:10:     layout_roguey, nicolae_overflow_hidden_temple, uniq_nergalle
D:11:     due_chaos_kobolds, layout_basic, david_orc_3, serial_curves,
          eino_curves_02, eino_curves_04, gauntlet_entry_generic,
          bh_circular_ruins
Temple:   cyrus_circular_temple
Gauntlet: minmay_gauntlet_77_indecision [minmay_gauntlet_arena_77_double_cross,
          minmay_gauntlet_arena_77_run_for_it,
          minmay_gauntlet_arena_77_squiggly,
          minmay_gauntlet_arena_77_broken_ladder,
          minmay_gauntlet_arena_77_braids, minmay_gauntlet_arena_77_two_paths,
          gauntlet_exit_hidden_loot]

Skill      XL: |  1  2  3  4  5  6  7  8  9 10 11 |
---------------+----------------------------------+-----
Ranged Weapons | 3 4 5 6 7 9 10 12 14 15 | 15.0
Fighting       | 2 3 4 5 7 8 9 10 | 10.0
Armour         | 1 2 3 4 |  4.8
Dodging        | 3 4 5 6 |  6.3
Invocations    | 4 5 |  5.9
Spellcasting   | |  1.0
Hexes          | |  2.0

Action                     |  1- 3 |  4- 6 |  7- 9 | 10-12 || total
---------------------------+-------+-------+-------+-------++-------
   Fire: Sling             |   101 |   251 |   123 |       ||   475
         Orcbow            |       |       |   190 |   211 ||   401
         Shortbow          |       |       |    43 |       ||    43
 Invoke: Heroism           |       |       |     1 |     9 ||    10
    Use: Scroll            |     4 |    10 |     6 |     6 ||    26
         Potion            |       |       |     1 |     2 ||     3
 Armour: Robe              |     8 |    20 |       |       ||    28
         Leather armour    |       |    23 |    11 |       ||    34
         Ring mail         |       |       |    42 |    32 ||    74
  Dodge: Dodged            |    25 |   130 |   151 |    87 ||   393
  Block: Other             |       |       |     2 |    19 ||    21
         Reflection        |       |       |       |     4 ||     4

Table legend:
 A = Non-vault XP
 B = Vault XP
 C = Vault XP percentage of total XP
 D = Non-vault monster count
 E = Vault monster count
 F = Vault count percentage of total count
                 A         B        C        D         E       F
            +---------+---------+-------+---------+---------+-------
      Total |    9320 |    7343 |  44.1 |     217 |      37 |  14.6
            +---------+---------+-------+---------+---------+-------
        D:1 |      26 |       0 |   0.0 |      11 |       0 |   0.0
        D:2 |      79 |      20 |  20.2 |      19 |       4 |  17.4
        D:3 |     245 |      11 |   4.3 |      28 |       6 |  17.6
        D:4 |     203 |       0 |   0.0 |      24 |       0 |   0.0
        D:5 |    1142 |       0 |   0.0 |      31 |       0 |   0.0
        D:6 |     911 |     356 |  28.1 |      14 |       2 |  12.5
        D:7 |    1350 |     761 |  36.0 |      27 |      13 |  32.5
        D:8 |    1318 |       0 |   0.0 |      19 |       0 |   0.0
        D:9 |    1901 |    4669 |  71.1 |      26 |       9 |  25.7
       D:10 |    2145 |     787 |  26.8 |      18 |       1 |   5.3
   Gauntlet |       0 |     739 | 100.0 |       0 |       2 | 100.0
            +---------+---------+-------+---------+---------+-------
